 Dungeon Crawl Stone Soup version 0.23.2-33-g5129a83184 (webtiles) character file.

Game seed: 2441468673075248704

443 Folque the Conjurer (level 6, -14/48 HPs)
             Began as a Demigod Conjurer on July 28, 2019.
             Killed from afar by Dowan (20 damage)
             ... with a shard of ice
             ... on level 4 of the Dungeon.
             The game lasted 00:11:15 (3765 turns).

Folque the Conjurer (Demigod Conjurer)              Turns: 3765, Time: 00:11:16

Health: -14/48     AC:  6    Str: 11    XL:     6   Next: 43%
Magic:  0/15       EV: 12    Int: 23    God:
Gold:   208        SH:  0    Dex: 16    Spells: 3/13 levels left

rFire    . . .     SeeInvis .   q - +0 short sword
rCold    . . .     Gourm    .   (no shield)
rNeg     . . .     Faith    .   m - +2 robe {MR+}
rPois    .         Spirit   .   r - +0 helmet
rElec    .         Reflect  .   k - +0 cloak
rCorr    .         Harm     .   (no gloves)
MR       +....                  (no boots)
Stlth    ++........             (no amulet)
HPRegen  0.16/turn              (no ring)
MPRegen  0.14/turn              (no ring)

@: no status effects
A: high mp 1
a: no special abilities


You were on level 4 of the Dungeon.
You were not hungry.

You visited 1 branch of the dungeon, and saw 4 of its levels.

You collected 208 gold pieces.

Inventory:

Hand Weapons
 e - a +0 dagger
 q - a +0 short sword (weapon)
Armour
 a - a +0 robe
 j - a cursed +0 ring mail
 k - a +0 cloak (worn)
 m - a +2 robe of magic resistance (worn)
 r - a +0 helmet (worn)
Magical Staves
 y - an uncursed staff of earth
Jewellery
 p - a cursed -3 ring of dexterity {unknown}
 x - a +2 ring of intelligence {unknown}
Wands
 z - a wand of random effects (12)
Scrolls
 b - a scroll of teleportation
 f - a scroll of blinking
 h - a scroll of enchant weapon {unknown}
 l - a scroll of noise {unknown}
 o - 2 scrolls of remove curse
 s - a scroll of fog
 v - a scroll of amnesia {unknown}
 w - a scroll of immolation {unknown}
Potions
 g - a potion of degeneration {unknown}
 i - a potion of magic
 n - a potion of brilliance
 t - a potion of resistance
 u - a potion of mutation
Comestibles
 c - 9 rations
 d - a chunk of flesh


   Skills:
 - Level 2.2 Fighting
 - Level 1.7 Dodging
 - Level 1.7 Stealth
 + Level 4.1 Spellcasting
 + Level 4.8 Conjurations
 * Level 2.4 Hexes


You had 3 spell levels left.
You knew the following spells:

 Your Spells              Type           Power        Failure   Level  Hunger
a - Magic Dart            Conj           ####         1%          1    None
b - Searing Ray           Conj           ####..       2%          2    #......
c - Dazzling Spray        Conj/Hex       ###...       7%          3    ##.....
d - Fulminant Prism       Conj/Hex       ###.......   24%         4    ####...

Your spell library contained the following spells:

 Spells                   Type           Power        Failure   Level  Hunger
 Iskenderun's Mystic Bla  Conj           ####....     14%         4    ####...
 Force Lance              Conj/Tloc      ###.....     36%         4    ####...


Dungeon Overview and Level Annotations

Branches:
Dungeon (4/15)
 Temple: D:4-7

Annotations:
D:4 Dowan


Innate Abilities, Weirdness & Mutations

You have an increased reservoir of magic. (+10% MP)


Message History

You barely miss Dowan.
Dowan is almost dead.
Dowan closely misses you.
You closely miss Dowan.
Dowan is almost dead.
Dowan hits you with a +0 dagger.
Dowan points at you and mumbles some strange words.
The shard of ice hits you!!
Ouch! That really hurt!
* * * LOW HITPOINT WARNING * * *
Evoke which item? (* to show all) (? for menu, Esc to quit)
Okay, then.
Evoke which item? (* to show all) (? for menu, Esc to quit)
Aiming: Random Effects
Press: ? - help, Shift-Dir - straight line, f/p - Dowan
Aim: Dowan, wielding a +0 dagger and wearing a +0 robe (almost dead, fast) Dowan twists and deforms.
Dowan points at you and mumbles some strange words.
The shard of ice hits you!!
You die...

.... ..%....#
.... .......#
..... .......#
..... ......#
...... .....###
......###.......
...........>#
......e@....#
......)###..#
.......
#..######### ##
.......
#........... .#
#####.#
#.########## .#
#. #.# #. #.# #.
#.# #.#


You could see Dowan.

Vanquished Creatures
  Sigmund (D:2)
  Duvessa (D:4)
  An orc wizard (D:3)
  4 adders
  An ooze (D:3)
  4 dart slugs
  4 leopard geckos
  14 orcs
  10 bats
  3 giant cockroaches
  13 goblins
  10 hobgoblins
  6 kobolds
  2 quokkas (D:3)
  2 ball pythons (D:1)
  9 frilled lizards
  3 rats
88 creatures vanquished.

Notes
Turn   | Place    | Note
-------+----------+-------------------------------------------
     0 | D:1      | Folque the Demigod Conjurer began the quest for the Orb.
     0 | D:1      | Reached XP level 1. HP: 14/14 MP: 5/5
   552 | D:1      | Reached XP level 2. HP: 22/22 MP: 7/7
   559 | D:1      | Learned a level 2 spell: Searing Ray
   974 | D:2      | Reached skill level 1 in Fighting
   984 | D:2      | Reached XP level 3. HP: 12/28 MP: 0/9
  1250 | D:2      | Learned a level 3 spell: Dazzling Spray
  1272 | D:2      | Noticed Sigmund
  1930 | D:2      | Found a shimmering altar of Xom.
  2083 | D:2      | Killed Sigmund
  2083 | D:2      | Reached XP level 4. HP: 16/36 MP: 5/12
  2083 | D:2      | Reached XP level 5. HP: 19/41 MP: 5/13
  2089 | D:2      | Learned a level 4 spell: Fulminant Prism
  2453 | D:2      | Found a shimmering altar of Xom.
  2455 | D:2      | Found a shimmering altar of Xom.
  2455 | D:2      | Found a shimmering altar of Xom.
  2456 | D:2      | Found a shimmering altar of Xom.
  2458 | D:2      | Found a shimmering altar of Xom.
  2458 | D:2      | Found a shimmering altar of Xom.
  2938 | D:3      | Reached skill level 1 in Hexes
  3032 | D:3      | You fall through a shaft!
  3314 | D:3      | Reached XP level 6. HP: 48/48 MP: 12/15
  3750 | D:4      | Noticed Dowan
  3752 | D:4      | Noticed Duvessa
  3762 | D:4      | Killed Duvessa
  3765 | D:4      | Killed from afar by Dowan

Skill      XL: |  1  2  3  4  5  6 |
---------------+-------------------+-----
Spellcasting   | 2 3 4 |  4.1
Fighting       | 1 2 |  2.2
Conjurations   | 4 |  4.8
Hexes          | 1 2 |  2.4
Dodging        | |  1.7
Stealth        | |  1.7

Action                   |  1- 3 |  4- 6 || total
-------------------------+-------+-------++-------
Melee: Dagger            |   111 |    10 ||   121
       Short sword       |       |    57 ||    57
 Cast: Magic Dart        |    20 |     1 ||    21
       Searing Ray       |    10 |    16 ||    26
       Dazzling Spray    |     2 |    14 ||    16
Evoke: Wand              |       |     1 ||     1
  Use: Potion            |     6 |       ||     6
       Scroll            |       |     7 ||     7
 Stab: Sleeping          |     3 |     2 ||     5
  Eat: Chunk             |     1 |     7 ||     8
       Ration            |     1 |       ||     1
Armor: Robe              |    29 |    31 ||    60
       Skin              |     9 |       ||     9
Dodge: Dodged            |    96 |    79 ||   175
